AoeStats
← [H A R D] AF

Black Forest

509948630Analyzed
4v4 RM · 4d ago on Sep 28, 2026· 43m 43s· 8 players
Game mode
Random Map
Map size
Large (8 player)
Population
200
Speed
Normal
Resources
Standard
Victory
Conquest
Starting age
Dark Age
Ending age
Imperial Age
RankedLock teamsTeams togetherTeam positionsShared explorationLock speedFull tech treeHidden civsTurbo modeCheats
Victory
Defeat
🇨🇭 Japanese · Switzerland
1264
+15
🇵🇹 Bohemians · Portugal
1205
+18
🇨🇭 Cumans · Switzerland
1147
+20
🇨🇭 Ethiopians · Switzerland
1118
+21
🇩🇪 Mongols · Germany
1316
-22
🇩🇪 Saxons · Germany
1303
-21
🇩🇪 Persians · Germany
1187
-16
🇬🇧 Vikings · United Kingdom
1162
-20
[H A R D] AF
12:16 Feudal Age
13:11 Double-Bit Axe
17:00 Castle Age
16:34 Horse Collar
16:38 Fishing Lines
17:56 Town Watch
23:04 Bow Saw
23:02 Heavy Plow
23:36 Fortified Wall
25:29 Wheelbarrow
24:55 Town Patrol
25:47 Gillnets
26:54 Gold Mining
26:57 Stone Mining
29:39 Gold Shaft Mining
31:37 Imperial Age
29:40 Hand Cart
31:07 Fletching
31:18 Padded Archer Armor
31:25 Murder Holes
31:58 Yasama
31:58 Bodkin Arrow
32:10 Elite Skirmisher
32:47 Guard Tower
33:27 Bracer
33:43 Leather Archer Armor
33:53 Conscription
34:49 Keep
34:00 Arrowslits
36:13 Ring Archer Armor
37:31 Two-Man Saw
37:02 Ballistics
36:24 Treadmill Crane
Massarock
3:43 Loom
11:06 Feudal Age
15:37 Castle Age
13:47 Horse Collar
14:09 Double-Bit Axe
16:58 Bow Saw
17:25 Wheelbarrow
20:00 Town Watch
22:06 Heavy Plow
23:53 Padded Archer Armor
24:44 Hand Cart
26:05 Chemistry
25:38 Leather Archer Armor
35:28 Imperial Age
35:12 Pikeman
35:54 Scale Mail Armor
36:43 Ring Archer Armor
37:14 Two-Man Saw
35:57 Halberdier
36:54 Chain Mail Armor
36:50 Forging
36:47 Caravan
39:17 Ballistics
39:58 Plate Mail Armor
43:37 Iron Casting
42:54 Fletching
[H A R D] core smurf
1:13 Loom
10:52 Feudal Age
11:24 Double-Bit Axe
14:20 Horse Collar
18:07 Fishing Lines
21:52 Castle Age
21:20 Wheelbarrow
22:00 Capped Ram
22:58 Bow Saw
22:51 Heavy Plow
22:47 Gillnets
22:34 Capped Ram
24:13 Scale Barding Armor
24:19 Forging
24:06 Gold Mining
25:12 Bloodlines
24:23 Light Cavalry
25:28 Chain Barding Armor
25:12 Town Watch
26:57 Iron Casting
35:16 Imperial Age
33:04 Hand Cart
32:49 Town Patrol
33:52 Masonry
34:15 Coinage
34:43 Fletching
35:57 Ballistics
35:46 Squires
35:20 Siege Ram
35:33 Cavalier
38:24 Plate Barding Armor
40:12 Blast Furnace
39:07 Bodkin Arrow
41:17 Chemistry
40:14 Murder Holes
40:02 Hussar
41:35 Paladin
[H A R D] wiealtesBROT
8:24 Loom
13:36 Feudal Age
17:37 Castle Age
15:27 Double-Bit Axe
16:19 Horse Collar
18:31 Bow Saw
18:24 Heavy Plow
20:00 Wheelbarrow
25:17 Gold Mining
26:32 Fishing Lines
27:58 Gold Shaft Mining
28:33 Hand Cart
28:24 Town Watch
28:41 Scale Mail Armor
30:06 Chain Mail Armor
30:28 Forging
31:06 Squires
30:52 Arson
32:04 Ballistics
34:18 Imperial Age
32:25 Coinage
33:00 Iron Casting
33:10 Stone Mining
34:59 Torsion Engines
35:20 Conscription
36:03 Chemistry
35:09 Siege Engineers
35:36 Plate Mail Armor
36:07 Blast Furnace
34:29 Halberdier
36:10 Two-Man Saw
36:30 Banking
CircusMaximusFH
0:47 Loom
12:10 Feudal Age
16:40 Castle Age
15:13 Double-Bit Axe
15:14 Fishing Lines
18:00 Bow Saw
18:44 Horse Collar
19:29 Heavy Plow
21:39 Stone Mining
24:48 Fletching
25:45 Fortified Wall
28:14 Gold Mining
29:38 Bodkin Arrow
29:55 Forging
29:45 Scale Mail Armor
29:53 Gillnets
34:16 Imperial Age
32:09 Caravan
32:36 Squires
32:22 Gambesons
34:32 Iron Casting
34:12 Chain Mail Armor
33:57 Arson
34:21 Elite Varangian Guard
35:51 Hoardings
34:50 Shield Wall
36:57 Pikeman
37:34 Halberdier
41:02 Plate Mail Armor
40:33 Bracer
DrPiecemaker
11:26 Feudal Age
12:45 Double-Bit Axe
15:15 Castle Age
13:13 Gold Mining
14:19 Horse Collar
16:11 Bow Saw
16:09 Heavy Plow
22:21 Wheelbarrow
23:27 Hand Cart
28:30 Imperial Age
25:47 Town Watch
26:22 Loom
27:59 Fletching
28:31 Ballistics
28:33 Onager
29:48 Drill
31:04 Conscription
30:41 Bodkin Arrow
30:46 Padded Archer Armor
30:50 Stone Mining
31:36 Gold Shaft Mining
31:40 Bracer
31:10 Siege Onager
33:09 Elite Mangudai
34:03 Husbandry
34:20 Bloodlines
33:55 Capped Ram
35:18 Siege Ram
40:27 Parthian Tactics
40:08 Thumb Ring
Pu77h3md0wn
5:16 Loom
12:20 Feudal Age
13:48 Double-Bit Axe
17:13 Fishing Lines
19:57 Castle Age
18:34 Fishing Lines
21:13 Bow Saw
22:43 Wheelbarrow
22:46 Gillnets
27:38 Scale Mail Armor
27:49 Forging
27:47 Scale Barding Armor
27:53 Fletching
29:39 Squires
30:02 Bloodlines
29:53 Husbandry
29:30 Pikeman
32:13 Chain Barding Armor
33:29 Iron Casting
34:13 Bodkin Arrow
37:33 Gold Mining
38:38 Hand Cart
41:15 Imperial Age
41:41 Crossbowman
42:27 Thumb Ring
Necrocat219
0:51 Loom
11:58 Feudal Age
12:34 Double-Bit Axe
21:45 Castle Age
22:16 Gold Mining
23:29 Bow Saw
23:12 Gold Mining
27:02 Scale Mail Armor
27:10 Scale Barding Armor
27:15 Forging
26:47 Horse Collar
27:47 Gold Shaft Mining
27:02 Stone Mining
26:56 Fishing Lines
29:08 Chain Barding Armor
Connection lost

Rejoining the realm…

Still unreachable

The connection could not be restored.

Session expired

The server has moved on; the page needs a fresh start.